 Dungeon Crawl Stone Soup version 0.28-a0-1130-gc51a68064b (webtiles) character file.

Game seed: 16497778289690161779

44 ReploidZero the Magician (level 3, -2/25 HPs)
             Began as a Djinni Fire Elementalist on Dec 12, 2021.
             Slain by a kobold (4 damage)
             ... on level 2 of the Dungeon.
             The game lasted 00:02:37 (1741 turns).

ReploidZero the Magician (Djinni Fire Elementalist) Turns: 1741, Time: 00:02:37

Health: -2/25      AC:  2    Str:  7    XL:     3   Next: 87%
Gold:   34         EV: 12    Int: 18    God:
                   SH:  0    Dex: 13

rFire   + + .      SeeInvis .   (no weapon)
rCold   x . .      Faith    .   (no shield)
rNeg    . . .      Spirit   .   a - +0 robe
rPois   ∞          Reflect  .   (no helmet)
rElec   .          Harm     .   (no cloak)
rCorr   .          Rampage  .   (no gloves)
Will    .....                   (boots unavailable)
Stlth   ++........              (no amulet)
HPRegen 0.08/turn               (no ring)
MPRegen 0.00/turn               (no ring)

@: flying
A: sickness immunity, fire resistance 2, cold vulnerability 1, float, innate
caster, hp casting, extra vitality 1
a: no special abilities


You were on level 2 of the Dungeon.
You visited 1 branch of the dungeon, and saw 2 of its levels.

You collected 34 gold pieces.

Inventory:

Armour
 a - a +0 robe (worn)
Scrolls
 f - 2 scrolls of identify {unknown}
Potions
 b - a potion of heal wounds {unknown}
 c - 3 potions of curing {unknown}


   Skills:
 - Level 2.1 Dodging
 - Level 1.5 Stealth
 * Level 3.5 Spellcasting


You couldn't memorise any spells.
You knew the following spells:

 Your Spells              Type           Power      Damage    Failure   Level
a - Foxfire               Conj/Fire      64%        2x1d7     3%          1
b - Scorch                Fire           32%        2d6       5%          2
c - Conjure Flame         Conj/Fire      16%        6-21      11%         3
d - Inner Flame           Hex/Fire       16%        N/A       11%         3
e - Flame Wave            Conj/Fire      16%        2d5       34%         4
f - Sting                 Tmut/Pois      64%        1d6       3%          1
Your spell library was empty.

Dungeon Overview and Level Annotations

Branches:
Dungeon (2/15)

Altars:


Innate Abilities, Weirdness & Mutations

You are immune to sickness and miasma.
You are immune to poison.
Your flesh is very heat resistant. (rF++)
You are vulnerable to cold. (rC-)
You float through the air rather than walking.
You learn spells naturally, not from books.
Your magical power is your life essence.
You have superior vitality. (+4 HP)


Message History

The foxfire hits the hobgoblin.
The hobgoblin is almost dead.
The foxfire hits the hobgoblin.
You kill the hobgoblin!
A frilled lizard comes into view.
Unknown command.
You hit the frilled lizard but do no damage.
The foxfire hits the frilled lizard.
You kill the frilled lizard!
Your foxfire dissipates!
A kobold comes into view. It is wielding a +0 dagger.
A gnoll comes into view. It is wielding a +0 halberd.
You hit the kobold but do no damage. The kobold barely misses you.
You hit the kobold but do no damage.
The gnoll hits you from afar with a +0 halberd.
The kobold hits you with a +0 dagger.
You hit the kobold but do no damage.
The gnoll hits you from afar with a +0 halberd!
* * * LOW HITPOINT WARNING * * *
The kobold hits you with a +0 dagger.
* * * LOW HITPOINT WARNING * * *
Okay, then.
Okay, then.
An endoplasm comes into view.
The endoplasm quivers.
Found 13 gold pieces.
A kobold comes into view. It is wielding a +0 dagger.
As you read the scroll labelled ZANUAGA EJOLUE, it crumbles to dust.
It is a scroll of brand weapon.
You aren't carrying any weapons that can be branded.
As you read the scroll labelled IDEKUR GIURE, it crumbles to dust.
Your body is wracked with pain!
* * * LOW HITPOINT WARNING * * *
The endoplasm convulses!
It was a scroll of torment.
The kobold hits you with a +0 dagger.
* * * LOW HITPOINT WARNING * * *
Unknown command.
As you read the scroll labelled FOM FON BYECOBB, it crumbles to dust.
You speak a Word of immense power!
It was a scroll of holy word.
The kobold hits you with a +0 dagger.
You die...

#..# #$ ##g.# .##
###..# ..# #...##
..# ####.#†.##
##..# .....##..##
##..##
######.#.g###.J#K#
#######.#..#..#K##
.....#.#.#.g.#.#@#
##################


You could see an endoplasm and a kobold.

Vanquished Creatures
  2 adders (D:2)
  3 ball pythons
  2 bats
  2 endoplasms
  2 giant cockroaches (D:2)
  2 goblins (D:1)
  5 hobgoblins
  A quokka (D:1)
  2 frilled lizards
  2 kobolds
  A rat (D:1)
24 creatures vanquished.

Vanquished Creatures (others)
  77 foxfires
77 creatures vanquished.

Grand Total: 101 creatures vanquished

Notes
Turn   | Place    | Note
-------+----------+-------------------------------------------
     0 | D:1      | ReploidZero the Djinni Fire Elementalist began the quest
                  | for the Orb.
     0 | D:1      | Reached XP level 1. HP: 15/15 MP: 0/0
   330 | D:1      | Reached XP level 2. HP: 16/21 MP: 0/0
   972 | D:2      | Reached skill level 3 in Spellcasting
  1105 | D:2      | Reached XP level 3. HP: 19/25 MP: 0/0
  1105 | D:2      | Learned a level 1 spell: Sting
  1625 | D:2      | Found a faded altar of an unknown god.
  1741 | D:2      | Slain by a kobold

Illustrated notes

Levels and vault maps discovered:
D:1:      lightli_arrival_quake, layout_basic, minmay_hexomino_c4
D:2:      minmay_diamond_boxcup, layout_loops_ring, basic_ecumenical_altar

Skill      XL: |  1  2 |
---------------+-------+-----
Spellcasting   | 3 |  3.5
Dodging        | |  2.1
Stealth        | |  1.5

Action                   || total
-------------------------++-------
Melee: Unarmed           ||     8
 Cast: Foxfire           ||    53
       Sting             ||    11
  Use: Scroll            ||     3
Armor: Robe              ||     9
Dodge: Dodged            ||    17

Table legend: (Time is in decaauts)
 A = Elapsed time spent in this place.
 B = Non-inter-level travel time spent in this place.
 C = Inter-level travel time spent in this place.
 D = Time resting spent in this place.
 E = Time spent auto-exploring this place.
 F = Levels seen in this place.
 G = Mean time per level.
                   A        B        C        D        E       F      G
               +--------+--------+--------+--------+--------+-----+--------+
         Total |   1740 |   1730 |     10 |      0 |   1564 |   2 |  870.0 |
       Dungeon |   1740 |   1730 |     10 |      0 |   1564 |   2 |  870.0 |
               +--------+--------+--------+--------+--------+-----+--------+

Top non-repeatable levels by time:
     D:1: 926 daAuts
     D:2: 814 daAuts
